Unix NetHack Version 5.0.0-0 post-release - last build May 17 2026 04:57:42 (dc50c8380fa5e20985bfe3072449f57b8d9895ef,branch:main).

Game began 2026-05-21 20:22:04, ended 2026-05-21 20:45:25.

CyberFan, lawful female dwarven Archeologist

                  -            --
               ---.--      .---.--
        --------....--    ...|>..|
        ...........^...  .0......|
        ----%.)......-----.......-
           --........[............
            ..--.---..............
            ----..-------.........
              |.....|   ---..----
              --....--     .
               .......-
               ........
                ....---
                --..|
                 |..---
               ---....|
               .......-
               ...@.....
               .........
                -------

CyberFan the Field Worker  St:14 Dx:10 Co:16 In:12 Wi:13 Ch:10  Lawful
Dlvl:5  $:377 HP:0(40) Pw:13(13) AC:3  Xp:4/146 T:2784 

Latest messages:
 The werejackal just misses!
 The large dog misses the jackal.
 You hit the werejackal!
 The jackal just misses!
 The jackal just misses!
 The jackal bites!
 The coyote bites!
 The jackal just misses!
 The werejackal bites!
 The large dog misses the jackal.
 The large dog bites the jackal.
 The jackal is killed!
 The werejackal changes into a human.
 You descend the stairs.
 There is a staircase up to level 4 here.
 You see here a gray stone.
 You stop waiting.
 You miss the giant ant.
 The giant ant bites!
 The giant ant bites!
 You hit the giant ant!
 The giant ant misses!
 You kill the giant ant!
 The giant ant bites!
 You miss the giant ant.
 The giant ant bites!
 You hit the giant ant.
 The giant ant bites!
 You miss the giant ant.
 The giant ant bites!
 The giant ant bites!
 You miss the giant ant.
 The giant ant bites!
 The giant ant bites!
 You miss the giant ant.
 The giant ant bites!
 The giant ant bites!
 What do you want to read? [qry or ?*]
 You read the scroll.
 Where do you want to center the explosion?
 (For instructions type a '?')
 The scroll erupts in a tower of flame!
 Boom!
 The giant ant is caught in the tower of flame!
 You kill the giant ant!
 Your lamp called magic? catches light!
 Your lamp called magic? catches light!
 Your scroll of light catches fire and burns!
 You hear the howling of the CwnAnnwn...
 The tower of flame is fatal.

Inventory:
 Coins    ('$')
  $ - 377 gold pieces
 Weapons  (')')
  a - an uncursed +2 bullwhip
 Armor    ('[')
  D - an uncursed +0 dwarvish iron helm (being worn)
  E - an uncursed +0 pair of iron shoes (being worn)
  G - an uncursed +0 dwarvish cloak (being worn)
  n - an uncursed +0 studded leather armor (being worn)
 Comestibles  ('%')
  d - 5 uncursed food rations
 Scrolls  ('?')
  y - an uncursed scroll of enchant weapon
 Potions  ('!')
  p - an uncursed potion of gain energy
  k - an uncursed potion of healing
  m - an uncursed potion of speed
 Rings    ('=')
  i - an uncursed ring of cold resistance
  s - an uncursed ring of slow digestion
  v - a cursed ring of teleportation
 Wands    ('/')
  C - an uncursed wand of make invisible (0:7)
 Tools    ('(')
  h - an empty uncursed sack
  u - an uncursed leash
  w - an uncursed magic lamp (lit)
  B - an uncursed magic lamp (lit)
  J - an uncursed +0 pick-axe (weapon in right hand)
  l - an uncursed skeleton key
  f - an uncursed tinning kit (0:69)
 Gems/Stones  ('*')
  K - an uncursed amethyst stone
  g - an uncursed touchstone

CyberFan the Archeologist's attributes:

Background:
 You were a Field Worker, a level 4 female dwarven Archeologist.
 You were lawful, on a mission for Quetzalcoatl
 who was opposed by Camaxtli (neutral) and Huhetotl (chaotic).
 You were right-handed.
 You were in the Gnomish Mines, on level 5.
 You entered the dungeon 2784 turns ago.
 You had 146 experience points, 14 more were needed to attain level 5.

Basics:
 You had 0 out of 40 hit points.
 You had all 13 energy points (spell power).
 Your armor class was 3.
 Your wallet contained 377 zorkmids.
 Autopickup was on for '$%?!"=/*', with exceptions.

Final Characteristics:
 Your strength was 14 (limit:18/100).
 Your dexterity was 10 (limit:20).
 Your constitution was 16 (limit:20).
 Your intelligence was 12 (limit:16).
 Your wisdom was 13 (peak:14, limit:16).
 Your charisma was 10 (limit:16).

Final Status:
 You weren't hungry.
 You were unencumbered.
 You were wielding a pick-axe.
 You had basic skill with pick-axe.

Final Attributes:
 You were piously aligned.
 Your items were somewhat protected from fire.
 Your items were somewhat protected from cold.
 You had automatic searching.
 You had infravision.
 You were warded.
 You are dead.

Miscellaneous:
 You disabled loading and storing of bones levels.
 Total elapsed playing time was 23 minutes and 19 seconds.

Major events:
 Turn
    1: CyberFan the lawful female dwarven Archeologist entered the dungeon
  514: entered the Gnomish Mines
  612: attained the rank of Field Worker (level 3)
 1753: reached Mine Town
 2784: burned by a tower of flame

You didn't know any spells.

Skills:
 Fighting Skills
   bare handed combat [Unskilled]
   two weapon combat  [Unskilled]
   riding             [Unskilled]
 Weapon Skills
   dagger             [Unskilled]
   knife              [Unskilled]
   pick-axe           [Basic]
   short sword        [Unskilled]
   saber              [Unskilled]
   club               [Unskilled]
   quarterstaff       [Unskilled]
   sling              [Unskilled]
   dart               [Unskilled]
   boomerang          [Unskilled]
   whip               [Basic]
   unicorn horn       [Unskilled]
 Spellcasting Skills
   attack spells      [Unskilled]
   healing spells     [Unskilled]
   divination spells  [Unskilled]
   matter spells      [Unskilled]

Voluntary challenges:
 Character rerolling was not enabled.
 You never genocided any monsters.
 You never polymorphed an object.
 You never changed form.
 You used no wishes.
Achievements:
 You entered the Gnomish Mines.
 You attained the rank of Field Worker.
 You entered a shop.
 You entered Minetown.
 You entered a temple.

 The Dungeons of Doom: levels 1 to 4
    Level 1:
    Level 2:
       A fountain.
       Stairs down to The Gnomish Mines.
    Level 3:
       A general store.
    Level 4:
 The Gnomish Mines: levels 3 to 7
    Level 3:
    Level 4:
    Level 5: <- You were here.
       Final resting place for
          you, burned by a tower of flame.
    Level 6:
       Many shops, a temple and an altar, some fountains, some trees.
    Level 7:


Vanquished creatures:
  a rock mole
  a yellow light
  a shrieker
  2 giant ants
  a floating eye
  2 dwarves
  a homunculus
  a giant bat
  a werejackal
  2 iguanas
  2 acid blobs
  a large kobold
  a hobgoblin
  4 giant rats
  3 cave spiders
  a yellow mold
 11 gnomes
  a gnome zombie
  2 geckos
  4 jackals
  a fox
  a kobold
  6 goblins
  a sewer rat
  3 grid bugs
  a bat
  4 lichens
  3 kobold zombies
  3 newts
66 creatures vanquished.

No species were genocided or became extinct.

Game over:
                       ----------
                      /          \
                     /    REST    \
                    /      IN      \
                   /     PEACE      \
                  /                  \
                  |     CyberFan     |
                  |      377 Au      |
                  |   burned by a    |
                  |  tower of flame  |
                  |                  |
                  |                  |
                  |       2026       |
                 *|     *  *  *      | *
        _________)/\\_//(\/(/\)/\//\/|_)_______

Goodbye CyberFan the Archeologist...

You burned in The Gnomish Mines on dungeon level 5 with 1224 points,
and 377 pieces of gold, after 2784 moves.
You were level 4 with a maximum of 40 hit points when you burned.

